 Dungeon Crawl Stone Soup version 0.17-a0-1508-ge7f3dc3 (webtiles) character file.

144 urechis the Cutter (level 5, 0/35 HPs)
             Began as a Kobold Berserker on July 10, 2015.
             Was a Believer of Trog.
             Succumbed to a gnoll's poison
             ... on level 4 of the Dungeon.
             The game lasted 00:06:31 (2633 turns).

urechis the Cutter (Kobold Berserker)               Turns: 2633, Time: 00:06:34

Health: 0/35       AC:  4    Str: 15    XL:     5   Next: 51%
Magic:  5/5        EV: 15    Int:  5    God:    Trog [**....]
Gold:   134        SH:  0    Dex: 17    Spells: 0 memorised, 4 levels left

rFire  . . .     SeeInvis .     a - +0 short sword
rCold  . . .     Clarity  .     q - +0 leather armour
rNeg   . . .     SustAt   .     (shield restricted)
rPois  .         Gourm    .     l - +0 helmet
rElec  .         Spirit   .     (no cloak)
rCorr  .         Warding  .     (no gloves)
rMut   .         Stasis   .     (no boots)
MR     .....                    (no amulet)
Stlth  +.........               (no ring)
                                (no ring)

@: lethally poisoned (0 -> -16), exhausted, slowed, very slow, not resistant to
hostile enchantments, very unstealthy
A: carnivore 3
a: Burn Spellbooks, Berserk, Trog's Hand, Renounce Religion


You were on level 4 of the Dungeon.
You worshipped Trog.
Trog was pleased with you.
You were not hungry.

You visited 1 branch of the dungeon, and saw 4 of its levels.

You collected 134 gold pieces.

Inventory:

Hand weapons
 a - a +0 short sword (weapon)
 b - a +0 blowgun
Missiles
 t - 9 poisoned needles
Armour
 l - a +0 helmet (worn)
 n - a +0 buckler
 q - a +0 leather armour (worn)
Scrolls
 d - 4 scrolls of immolation {unknown}
 e - a scroll of enchant weapon {unknown}
 g - a scroll of enchant armour {unknown}
 i - 2 scrolls of identify {unknown}
 j - a scroll of amnesia {unknown}
 o - 2 scrolls of remove curse {unknown}
 s - a scroll of random uselessness {unknown}
Potions
 k - 2 potions of degeneration {unknown}
 p - 2 potions of curing {unknown}
 r - 2 potions of invisibility {unknown}
Comestibles
 c - 3 meat rations
 h - a beef jerky
 m - a slice of pizza


   Skills:
 + Level 5.1 Fighting
 + Level 5.9 Short Blades
 - Level 1.5 Armour
 - Level 2.4 Dodging


You had 4 spell levels left.
You didn't know any spells.

Dungeon Overview and Level Annotations

Branches:
Dungeon (4/15)
 Temple: D:4-7

Altars:
Nemelex Xobeh


Innate Abilities, Weirdness & Mutations

You are small and have problems with some larger weapons.
You are carnivorous and can eat meat at any time.


Message History

You feel sick.
There is a lethal amount of poison in your body!
You are too berserk!
* * * LOW HITPOINT WARNING * * *
You feel sick.
Things that are here:
a spear of venom; a gnoll corpse You butcher the gnoll corpse.
You enjoyed that.
* * * LOW HITPOINT WARNING * * *
You feel sick.
Things that are here:
a spear of venom; a chunk of flesh; a gnoll skeleton Eat a chunk of flesh? (ye/n/q/i?) This raw flesh tastes great.
You are no longer berserk.
You are exhausted.
You feel yourself slow down.
* * * LOW HITPOINT WARNING * * *
You feel sick.
You continue eating.
You die...

####
#..
#.#
#<#
#.#
#)#
#.#
#)#
#@#
#.#
#.#
#.#
#..
##.
. ..


There were no monsters in sight!

Vanquished Creatures
  Ijyb (D:2)
  3 gnolls (D:4)
  3 adders
  2 oozes
  A worm (D:3)
  A giant gecko (D:3)
  3 bats
  3 giant cockroaches (D:3)
  6 hobgoblins
  8 kobolds
  A giant newt (D:3)
  7 goblins
  8 jackals
  5 rats
52 creatures vanquished.

Vanquished Creatures (others)
  A kobold (D:1)
1 creature vanquished.

Grand Total: 53 creatures vanquished

Notes
Turn   | Place    | Note
--------------------------------------------------------------
     0 | D:1      | urechis the Kobold Berserker began the quest for the Orb.
     0 | D:1      | Reached XP level 1. HP: 14/14 MP: 1/1
    97 | D:1      | Reached XP level 2. HP: 10/19 MP: 2/2
   278 | D:1      | Reached XP level 3. HP: 4/24 MP: 3/3
   565 | D:1      | Acquired Trog's second power
   782 | D:2      | Noticed Ijyb
   803 | D:2      | Killed Ijyb
   803 | D:2      | Reached skill level 5 in Short Blades
   803 | D:2      | Reached XP level 4. HP: 13/30 MP: 4/4
  1510 | D:2      | Found a sparkling altar of Nemelex Xobeh.
  1763 | D:3      | Reached XP level 5. HP: 12/34 MP: 5/5
  2276 | D:3      | Found a sparkling altar of Nemelex Xobeh.
  2615 | D:4      | Reached skill level 5 in Fighting
  2633 | D:4      | Succumbed to a gnoll's poison

Vault maps used:
D:1:      saegor_arrival_miasma, grunt_decor_resistance, st_stairs_12
D:2:      first_bread, nemelex_diamond_rough_becter, uniq_iyjb
D:3:      nemelex_altar_shiori
D:4:      eino_small_chamber_without_monster, minmay_misc_feat_x

Action                   |  1- 3 |  4- 6 || total
-------------------------+-------+-------++-------
Melee: Short sword       |    79 |   114 ||   193
Throw: Throwing net      |       |     1 ||     1
Invok: Berserk           |     2 |     1 ||     3
 Stab: Sleeping          |       |     1 ||     1
  Eat: Chunk             |     3 |     9 ||    12
